 Dungeon Crawl Stone Soup version 0.31-a0-924-ge39a22a033 (webtiles) character file.

Game seed: 2937834514343821028

3847 Malachi the Carver (level 9, -3/79 HPs)
             Began as a Demonspawn Gladiator on Oct 18, 2023.
             Was a Priest of Jiyva.
             Slain by an orc warrior
             ... wielding a +0 glaive
              (23 damage)
             ... in a bailey.
             The game lasted 00:12:29 (5272 turns).

Malachi the Carver (Demonspawn Gladiator)           Turns: 5272, Time: 00:12:29

Health: -3/79      AC: 16    Str: 14    XL:     9   Next: 98%
Magic:  8/9        EV: 12    Int: 14    God:    Jiyva [***...]
Gold:   351        SH:  6    Dex: 17    Spells: 8/8 levels left

rFire   + . .        i - +2 long sword (heavy)
rCold   + . .        h - +2 buckler "Egriles" {rF+ Regen+}
rNeg    . . .        t - +0 chain mail
rPois   .            c - +0 helmet
rElec   .            o - +0 cloak
rCorr   +            y - +0 pair of gloves
SInv    .            (no boots)
Will    .....        (no amulet) Stlth
                     j - +5 ring of evasion
HPRegen 2.25/turn    (no ring)
MPRegen 0.46/turn

%: no passive effects
@: calling ooze, studying Throwing
A: claws 2, yellow scales 1, ignite blood 1, spiny 2, clever 1, robust 3, shaggy
fur 3
a: Renounce Religion, Oozemancy


You were in a bailey.
You worshipped Jiyva.
Jiyva was most pleased with you.
You visited 1 branch of the dungeon, and saw 7 of its levels.
You also visited: Ossuary and Bailey.

You collected 351 gold pieces.

Inventory:

Hand Weapons
 a - a +1 long sword
 i - a +2 heavy long sword (weapon)
Missiles
 d - 3 throwing nets (quivered)
 e - a javelin
 n - 5 datura-tipped darts
Armour
 c - a +0 helmet (worn)
 h - the +2 buckler "Egriles" (worn) {rF+ Regen+}
   (You acquired it on level 5 of the Dungeon)

   rF+:       It protects you from fire.
   Regen+:    It increases your rate of health regeneration.
 o - a +0 cloak (worn)
 t - a +0 chain mail (worn)
 y - a +0 pair of gloves (worn)
Jewellery
 j - a +5 ring of evasion (left hand)
Wands
 q - a wand of polymorph (10)
Scrolls
 k - a scroll of blinking
 l - a scroll of fear
 m - a scroll of enchant armour {unknown}
 r - 2 scrolls of teleportation
Potions
 b - 4 potions of curing
 f - 2 potions of attraction
 g - 2 potions of resistance
 p - a potion of degeneration
 u - 2 potions of magic {unknown}
 v - 3 potions of invisibility {unknown}
 w - a potion of mutation {unknown}
 x - a potion of brilliance {unknown}
 z - a potion of might {unknown}
 A - a potion of haste {unknown}


   Skills:
 - Level 2.0 Fighting
 * Level 13.3 Long Blades
 - Level 1.7 Throwing
 - Level 2.6 Dodging


You had 8 spell levels left.
You didn't know any spells.
Your spell library contained the following spells:

 Spells                   Type           Power      Damage    Failure   Level
 Ensorcelled Hibernation  Hex/Ice        0%         N/A       100%        2
 Jinxbite                 Hex            0%         N/A       100%        2
 Call Canine Familiar     Summ           0%         N/A       100%        3
 Sigil of Binding         Hex            0%         N/A       100%        3
 Anguish                  Hex/Necr       0%         N/A       100%        4
 Dimensional Bullseye     Hex/Tloc       0%         N/A       100%        4
 Leda's Liquefaction      Hex/Erth       0%         N/A       100%        4
 Summon Forest            Summ/Tloc      0%         N/A       100%        5
 Eringya's Noxious Bog    Tmut/Pois      0%         4d6       100%        6
 Malign Gateway           Summ/Tloc      0%         N/A       100%        7
 Summon Hydra             Summ           0%         N/A       100%        7
 Summon Horrible Things   Summ           0%         N/A       100%        8


Dungeon Overview and Level Annotations

Branches:
Dungeon (7/15)             Temple (0/1) D:6         Ossuary (visited)
 Bailey (1/1)

Altars:
Dithmenos
Qazlal
Sif Muna
Trog
Jiyva


Innate Abilities, Weirdness & Mutations

You have very sharp fingernails.
You are partially covered in yellow scales. (AC +2)
Your demonic aura sometimes causes spilled blood to erupt in flames.
You are mostly covered in sharp spines.
Your mind is acute. (Int +4, Str/Dex -1)
You are extremely robust. (+30% HP)
Your thick and shaggy fur keeps you warm. (AC +3, rC+)


Message History

The walls burn the orc knight!
The orc warrior misses you.
An orc warrior comes into view. It is wielding a +0 glaive.
The wall burns the orc knight!
The orc knight completely misses you.
The orc warrior is struck by your spines.
The orc warrior hits you with a +0 glaive.
You slice the orc warrior!!
The orc warrior is almost dead.
You stop calling forth ooze.
The orc knight hits you from afar with a +3 halberd.
You block the orc warrior's attack.
You slash the orc warrior!
You kill the orc warrior!
The orc knight roars a battlecry!
The orc warrior goes into a battle-frenzy!
Your Long Blades skill increases to level 13!
The orc warrior closely misses you.
Things that are here:
a +0 glaive; a +0 scale mail; an orc corpse The orc knight closely misses you.
The orc knight closely misses you.
The orc warrior hits you from afar with a +0 glaive!!
Activating: Oozemancy (14% risk of failure)
Press: ? - help, Dir - look around, f - activate Slime begins to ooze from the nearby walls!
The wall burns the orc knight!
The orc knight hits you but does no damage.
The orc warrior hits you from afar with a +0 glaive!!
Unknown command.
The wall burns the orc knight!
The orc warrior barely misses you.
The wall burns the orc knight!
The orc knight attacks as it pursues you!
The orc knight hits you from afar with a +3 halberd!!
* * * LOW HITPOINT WARNING * * *
The orc warrior attacks as it pursues you!
The orc warrior barely misses you.
The walls burn the orc knight!
You kill the orc knight!
You block the orc warrior's attack.
The orc warrior hits you with a +0 glaive!!
You die...

#.......#
#.......#
#.......
#.....#
#'''''#
##.....##
#.......#
#..°o.).#
#..○@.[.#
#..#)#..#
#....)..#
##...))##
##'')##
#.....#
#.....#
#.....#
#.....#


You could see an orc warrior (strong).

Vanquished Creatures
  2 orc knights (Bailey)
  A gargoyle (D:7)
  A hornet (D:7)
  Sigmund (D:6)
  Edmund (D:6)
  Menkaure (D:6)
  5 orc warriors (Bailey)
  An ice beast (D:6)
  2 sky beasts (D:7)
  2 black bears
  2 ogres
  2 centaurs
  A phantom (D:5)
  A bullfrog (D:7)
  5 scorpions
  A howler monkey (D:6)
  A jelly (D:3)
  A gnoll bouda (D:7)
  2 hounds
  4 iguanas
  Natasha (thrice) (D:3)
  4 orc wizards
  A mummy (D:4)
  3 gnolls (D:7)
  6 adders
  2 white imps (D:6)
  5 ufetubi
  4 dart slugs
  2 worms
  37 orcs
  A spectral bat (Ossuary)
  A ball python (D:1)
  4 bats
  5 endoplasms
  3 giant cockroaches
  6 gnoll zombies (Ossuary)
  6 goblins
  2 hobgoblins
  3 jackals (D:3)
  6 kobolds
  6 quokkas
  4 frilled lizards
  5 goblin simulacra (Ossuary)
  4 goblin zombies (Ossuary)
  5 hobgoblin zombies (Ossuary)
  A kobold simulacrum (Ossuary)
  4 kobold zombies (Ossuary)
  3 orc zombies (Ossuary)
  5 rats
  2 rat simulacra (Ossuary)
  A spectral kobold (Ossuary)
181 creatures vanquished.

Vanquished Creatures (others)
  An ice beast (D:6)
  2 phantoms
  2 scorpions (D:5)
  8 jellies
  A mummy (Ossuary)
  An adder (D:5)
  An endoplasm (D:4)
  5 orcs
  3 spectral bats (Ossuary)
  A giant cockroach (D:4)
  4 goblins (D:7)
  6 gnoll zombies (Ossuary)
  A hobgoblin zombie (Ossuary)
  A kobold zombie (Ossuary)
  2 spectral rats (Ossuary)
39 creatures vanquished.

Grand Total: 220 creatures vanquished

Notes
Turn   | Place    | Note
-------+----------+-------------------------------------------
     0 | D:1      | Malachi the Demonspawn Gladiator began the quest for the
                  | Orb.
     0 | D:1      | Reached XP level 1. HP: 16/16 MP: 1/1
   118 | D:1      | Reached skill level 3 in Long Blades
   230 | D:1      | Gained mutation: You have sharp fingernails. [demonic
                  | ancestry]
   230 | D:1      | Reached XP level 2. HP: 21/22 MP: 2/2
   671 | D:2      | Gained mutation: You are partially covered in yellow
                  | scales. (AC +2) [demonic ancestry]
   671 | D:2      | Reached XP level 3. HP: 24/27 MP: 3/3
   825 | D:2      | Reached skill level 4 in Long Blades
   902 | D:2      | HP: 1/27 [something/magic dart (7)]
   918 | D:2      | Reached XP level 4. HP: 20/33 MP: 4/4
  1222 | D:2      | Found a bloodstained altar of Trog.
  1622 | D:3      | Noticed Natasha
  1633 | D:3      | Killed Natasha
  1758 | D:3      | Reached skill level 5 in Long Blades
  1794 | D:3      | Found a faded altar of an unknown god.
  1808 | D:3      | Prayed at the altar of an unknown god.
  1808 | D:3      | Became a worshipper of Jiyva Jaosi the Shapeless
  1808 | D:3      | Reached * piety under Jiyva
  1817 | D:3      | Noticed Natasha
  1830 | D:3      | Killed Natasha
  1831 | D:3      | Gained mutation: Your demonic aura sometimes causes spilled
                  | blood to erupt in flames. [demonic ancestry]
  1831 | D:3      | Reached XP level 5. HP: 38/38 MP: 5/5
  1892 | D:3      | Noticed Natasha
  1903 | D:3      | Killed Natasha
  2293 | D:3      | Found a shadowy altar of Dithmenos.
  2436 | D:4      | Reached skill level 6 in Long Blades
  2488 | D:4      | Reached ** piety under Jiyva
  2502 | D:4      | Noticed a black bear
  2507 | D:4      | Killed a black bear
  2523 | D:4      | Found a sand-covered staircase.
  2537 | D:4      | Reached XP level 6. HP: 20/44 MP: 6/6
  2567 | Ossuary  | Entered an ossuary
  3238 | D:5      | Entered Level 5 of the Dungeon
  3335 | D:5      | Reached skill level 7 in Long Blades
  3469 | D:5      | Reached *** piety under Jiyva
  3476 | D:5      | Gained mutation: You are robust. (+10% HP) [Jiyva's grace]
  3476 | D:5      | Gained mutation: You are very robust. (+20% HP) [Jiyva's
                  | grace]
  3476 | D:5      | Gained mutation: You are extremely robust. (+30% HP)
                  | [Jiyva's grace]
  3476 | D:5      | Gained mutation: You have acidic saliva. [Jiyva's grace]
  3516 | D:5      | Gained mutation: You have very sharp fingernails. [demonic
                  | ancestry]
  3516 | D:5      | Reached XP level 7. HP: 65/65 MP: 7/7
  3631 | D:5      | Reached skill level 8 in Long Blades
  3870 | D:5      | Found a shimmering blue altar of Sif Muna.
  3982 | D:5      | Identified a scroll of acquirement
  3982 | D:5      | Acquired the +2 buckler "Egriles" {rF+ Regen+}
  3996 | D:6      | Noticed Edmund
  4007 | D:6      | Killed Edmund
  4040 | D:6      | Reached skill level 9 in Long Blades
  4040 | D:6      | Gained mutation: You are partially covered in sharp spines.
                  | [demonic ancestry]
  4040 | D:6      | Reached XP level 8. HP: 71/72 MP: 8/8
  4103 | D:6      | Found a stormy altar of Qazlal.
  4152 | D:6      | Noticed Sigmund
  4174 | D:6      | Killed Sigmund
  4267 | D:6      | Reached **** piety under Jiyva
  4305 | D:6      | Found a staircase to the Ecumenical Temple.
  4326 | D:6      | Noticed Menkaure
  4330 | D:6      | Killed Menkaure
  4756 | D:7      | Reached skill level 10 in Long Blades
  4779 | D:7      | Noticed a slime creature
  4832 | D:7      | Reached skill level 11 in Long Blades
  4848 | D:7      | Noticed a gargoyle
  4862 | D:7      | Killed a gargoyle
  4863 | D:7      | Gained mutation: You are mostly covered in sharp spines.
                  | [demonic ancestry]
  4863 | D:7      | Reached XP level 9. HP: 56/79 MP: 9/9
  4885 | D:7      | Identified the +5 plate armour of the Rotten Sparrow
                  | {rCorr}
  4988 | D:7      | Lost mutation: You have acidic saliva. [Jiyva's grace]
  4988 | D:7      | Gained mutation: You are covered in fur. (AC +1) [Jiyva's
                  | grace]
  4988 | D:7      | Gained mutation: You are covered in thick fur. (AC +2)
                  | [Jiyva's grace]
  4988 | D:7      | Gained mutation: Your thick and shaggy fur keeps you warm.
                  | (AC +3, rC+) [Jiyva's grace]
  4988 | D:7      | Gained mutation: Your mind is acute. (Int +4, Str/Dex -1)
                  | [Jiyva's grace]
  5093 | D:7      | Found a flagged portal.
  5098 | Bailey   | Entered a bailey
  5165 | Bailey   | Reached skill level 12 in Long Blades
  5202 | Bailey   | Noticed an orc knight
  5215 | Bailey   | Killed an orc knight
  5244 | Bailey   | Noticed an orc knight
  5265 | Bailey   | Reached skill level 13 in Long Blades
  5271 | Bailey   | Killed an orc knight
  5272 | Bailey   | Slain by an orc warrior

Illustrated notes

Levels and vault maps discovered:
D:1:      roderic_crop_circles_arrival_small, layout_basic
D:2:      layout_rooms, basic_altar, minmay_misc_feat_hallway
D:3:      layout_loops_ring, mainiacjoe_overflow_surrounded_room,
          shapermc_ecumenical_altar_starsandcircs, st_stairs_7,
          serial_bayou_pond_a, uniq_natasha
D:4:      layout_rooms, gup_ossuary_entry_pyramid, minmay_manual_macuahuitl
D:5:      layout_loops_ring, mainiacjoe_overflow_six_doors_small,
          grunt_ministairs_2
D:6:      layout_gridville, nicolae_qazlal_eye_of_the_storm,
          minmay_temple_entry_statues_fountains, uniq_sigmund, uniq_edmund,
          uniq_menkaure
D:7:      minmay_opposing_rooms, layout_layer_cave, okawaru_gym_becter,
          nicolae_tso_swordbearing_angel, gammafunk_temple_overflow_claw,
          enter_bailey_3
Bailey:   bailey_polearm_5, bailey

Skill      XL: |  1  2  3  4  5  6  7  8  9 |
---------------+----------------------------+-----
Long Blades    | 3 4 5 6 7 9 11 13 | 13.3
Fighting       | |  2.0
Throwing       | |  1.7
Dodging        | |  2.6

Action                     |  1- 3 |  4- 6 |  7- 9 || total
---------------------------+-------+-------+-------++-------
  Melee: Long sword        |   123 |   313 |   167 ||   603
         Punch             |       |     2 |       ||     2
         Bite              |       |       |    13 ||    13
 Invoke: Slimify           |       |       |     1 ||     1
         Oozemancy         |       |       |     3 ||     3
    Use: Potion            |     1 |       |     3 ||     4
         Scroll            |       |       |     9 ||     9
 Armour: Ring mail         |    82 |    35 |       ||   117
         Leather armour    |     3 |       |       ||     3
         Scale mail        |       |   123 |   123 ||   246
         Chain mail        |       |       |     8 ||     8
  Dodge: Dodged            |    81 |   233 |   178 ||   492
  Block: Buckler           |       |       |    76 ||    76

Table legend: (Time is in decaauts)
 A = Elapsed time spent in this place.
 B = Non-inter-level travel time spent in this place.
 C = Inter-level travel time spent in this place.
 D = Time resting spent in this place.
 E = Time spent auto-exploring this place.
 F = Levels seen in this place.
 G = Mean time per level.
                   A        B        C        D        E       F      G
               +--------+--------+--------+--------+--------+-----+--------+
         Total |   5380 |   5176 |    204 |    393 |   3111 |   9 |  597.8 |
       Dungeon |   4832 |   4628 |    204 |    287 |   3111 |   7 |  690.3 |
       Ossuary |    366 |    366 |      0 |    106 |      0 |   1 |  366.0 |
        Bailey |    182 |    182 |      0 |      0 |      0 |   1 |  182.0 |
               +--------+--------+--------+--------+--------+-----+--------+

Top non-repeatable levels by time:
     D:3: 920 daAuts
     D:2: 881 daAuts
     D:5: 756 daAuts
     D:6: 712 daAuts
     D:1: 604 daAuts
     D:4: 521 daAuts
     D:7: 437 daAuts
 Ossuary: 366 daAuts
  Bailey: 182 daAuts
